 Dungeon Crawl Stone Soup version 0.31-a0-1581-g41d5ff3e7b (webtiles) character file.

Game seed: 8280652589902079001

571 PlayingRandomsOnly the Cutter (level 7, 0/54 HPs)
             Began as a Demonspawn Wanderer on Jan 5, 2024.
             Was a Believer of Ashenzari.
             Incinerated by a bombardier beetle (4 damage)
             ... with a burning spray
             ... on level 5 of the Dungeon.
             The game lasted 00:13:02 (3734 turns).

PlayingRandomsOnly the Cutter (Demonspawn Wanderer) Turns: 3734, Time: 00:13:02

Health: 0/54       AC: 10    Str: 16    XL:     7   Next: 12%
Magic:  8/8        EV: 11    Int:  9    God:    Ashenzari [**....]
Gold:   157        SH:  5    Dex: 20    Spells: 8/8 levels left

rFire   . . .        e - +0 dagger
rCold   . . .        c - +0 buckler of the Manifest God {Cun, Sorc} (curse)
rNeg    . . .        b - +2 scale mail
rPois   .            (helmet restricted)
rElec   .            x - +0 cloak of Ashenzari's Oracle {Comp, Cun} (curse)
rCorr   .            (no gloves)
SInv    +            (no boots)
Will    +....        (no amulet) Stlth
                     r - ring of Ouranomancy {Will+, Dev, Sorc} (curse)
HPRegen 0.29/turn    w - +6 ring of dexterity
MPRegen 0.11/turn

%: no passive effects
@: on fire, glowing
A: horns 2, powered by pain 1, condensation shield
a: Renounce Religion, Shatter the Chains


You were on level 5 of the Dungeon.
You worshipped Ashenzari.
Ashenzari was pleased with you.
You visited 1 branch of the dungeon, and saw 5 of its levels.

You collected 177 gold pieces.
You spent 20 gold pieces at shops.

Inventory:

Hand Weapons
 a - a +0 hand axe
 e - a +0 dagger (weapon)
Missiles
 l - 2 poisoned darts
Armour
 b - a +2 scale mail (worn)
 c - the cursed +0 buckler of the Manifest God (worn) {Cun, Sorc}

   It has a curse which improves the following skills: Cunning: Dodging and
   Stealth.
   Sorcery:   Conjurations and Alchemy.
 u - a +0 kite shield
 x - the cursed +0 cloak of Ashenzari's Oracle (worn) {Comp, Cun}
   (You took it off Crazy Yiuf on level 3 of the Dungeon)

   It has a curse which improves the following skills: Companions: Summonings
   and Necromancy.
   Cunning:   Dodging and Stealth.
Jewellery
 i - a ring of fire
 r - the cursed ring of Ouranomancy (left hand) {Will+, Dev, Sorc}
   (You found it on level 3 of the Dungeon)

   [ring of willpower]

   Will+:     It increases your willpower.
   It has a curse which improves the following skills: Devices: Evocations and
   Shapeshifting.
   Sorcery:   Conjurations and Alchemy.
 w - a +6 ring of dexterity (right hand)
Scrolls
 d - a scroll of teleportation
 f - 2 scrolls of vulnerability
 h - 4 scrolls of identify
 j - a scroll of noise
 n - 3 scrolls of immolation
 o - a scroll of enchant weapon
 q - a scroll of poison
 s - a scroll of silence
 t - 3 scrolls of enchant armour
 v - a scroll of revelation
Potions
 g - 2 potions of heal wounds
 k - 2 potions of enlightenment
 m - 2 potions of degeneration
 p - a potion of curing
 z - a potion of haste
 A - 2 potions of might


   Skills:
 + Level 4.0 Fighting
 + Level 4.6 Short Blades
 - Level 1.0 Axes
 - Level 4.5 Armour
 + Level 3.2(4.7) Dodging
 - Level 1.7 Shields
 - Level 1.0 Spellcasting


You had 8 spell levels left.
You didn't know any spells.
Your spell library contained the following spells:

 Spells                   Type           Power      Damage    Failure   Level
 Sublimation of Blood     Necr           0%         N/A       94%         2
 Hailstorm                Conj/Ice       0%         3d5       99%         3
 Summon Ice Beast         Ice/Summ       0%         N/A       99%         3
 Passage of Golubria      Tloc           0%         N/A       100%        4
 Petrify                  Alch/Erth      0%         N/A       100%        4
 Irradiate                Conj/Alch      0%         3d11      100%        5
 Silence                  Hex/Air        0%         N/A       100%        5
 Sculpt Simulacrum        Ice/Alch       0%         N/A       100%        6
 Lehudib's Crystal Spear  Conj/Erth      0%         10d2      100%        8


Dungeon Overview and Level Annotations

Branches:
Dungeon (5/15)             Temple (0/1) D:4

Altars:
Ashenzari
Vehumet

Shops:
D:2 ?


Innate Abilities, Weirdness & Mutations

You have a pair of horns on your head.
You sometimes gain a little power by taking damage.
A meltable shield of frost defends you. (SH +0)


Message History

The iguana bites you!
* * * LOW HITPOINT WARNING * * *
You completely miss the iguana. You headbutt the iguana!
You kill the iguana!
You hit the orc. You headbutt the orc.
You kill the orc!
A bombardier beetle comes into view.
You block the orc's attack. The orc hits you with a +0 whip.
* * * LOW HITPOINT WARNING * * *
Things that are here:
a +0 short sword; a +0 war axe; an iguana corpse You hit the orc.
The orc is lightly wounded.
The orc barely misses you. You block the orc's attack.
You barely miss the orc. You headbutt the orc.
You kill the orc!
You block the orc's attack.
You hit the orc.
The orc is lightly wounded.
The orc hits you with a +0 mace.
* * * LOW HITPOINT WARNING * * *
The orc closely misses you.
You hit the orc.
The orc is almost dead.
The orc closely misses you. The orc misses you.
You hit the orc.
You kill the orc!
The bombardier beetle sprays incendiary fluid at you.
The burning spray hits you.
Your condensation shield dissipates!
You are covered in liquid fire!
Your Fighting skill increases to level 4!
You hit the orc.
The orc is moderately wounded.
The liquid fire burns you!
* * * LOW HITPOINT WARNING * * *
The orc hits you but does no damage.
You shake off some of the fire as you move.
The liquid fire burns you!
You die...

#..?.o.o... ....lo....
### B........[ ..#
###.....o.... .... #.
#.. ...h.... ### #.#
#.# #.....#
#...###)###..#.# ##
#..@)o.......# .##
##.####...#..# ...###
####....<# ...# ...#
##....#### #..#
#.##########.....# .?
#............#....# .
##..####....###.##....
#..###...#### ..#
###.. ###......###
#.## >.


You could see an orc.

Vanquished Creatures
  A phantom (D:4)
  2 howler monkeys
  A bombardier beetle (D:3)
  2 hounds
  An orc priest (D:4)
  Crazy Yiuf (D:3)
  2 iguanas
  2 orc wizards
  A statue (D:4)
  2 adders
  2 ribbon worms (D:2)
  2 dart slugs
  14 orcs
  8 bats
  6 endoplasms
  3 giant cockroaches (D:1)
  8 goblins
  6 hobgoblins
  7 jackals
  3 quokkas
  10 ball pythons
  4 frilled lizards
  6 kobolds
  23 rats
117 creatures vanquished.

Notes
Turn   | Place    | Note
-------+----------+-------------------------------------------
     0 | D:1      | PlayingRandomsOnly the Demonspawn Wanderer began the quest
                  | for the Orb.
     0 | D:1      | PlayingRandomsOnly set off with the following items: a +0
                  | hand axe, a +2 scale mail, a +0 buckler, a scroll of
                  | teleportation.
     0 | D:1      | Reached XP level 1. HP: 13/13 MP: 2/2
    85 | D:1      | Reached skill level 1 in Fighting
    90 | D:1      | Gained mutation: You have a pair of small horns on your
                  | head. [demonic ancestry]
    90 | D:1      | Reached XP level 2. HP: 12/21 MP: 3/3
    95 | D:1      | Reached skill level 1 in Short Blades
   454 | D:1      | Reached XP level 3. HP: 27/27 MP: 4/4
   680 | D:1      | You fall into a shaft and drop 1 floor!
  1400 | D:2      | Found Zikhluske's Magic Scroll Boutique.
  1403 | D:2      | Bought a scroll of identify for 20 gold pieces
  1525 | D:2      | Gained mutation: You sometimes gain a little power by
                  | taking damage. [demonic ancestry]
  1525 | D:2      | Reached XP level 4. HP: 34/34 MP: 5/5
  1676 | D:3      | Found a faded altar of an unknown god.
  1689 | D:3      | Prayed at the altar of an unknown god.
  1689 | D:3      | Became a worshipper of Ashenzari the Shackled
  1937 | D:3      | Gained mutation: You have a pair of horns on your head.
                  | [demonic ancestry]
  1937 | D:3      | Reached XP level 5. HP: 33/41 MP: 6/6
  1984 | D:3      | Identified the +8 hammer of Ash {protect, rF+ Will+ Str+5
                  | Int+4}
  1988 | D:3      | Found a runed translucent door.
  1989 | D:3      | Noticed Crazy Yiuf
  2393 | D:3      | Killed Crazy Yiuf
  2541 | D:4      | Found a staircase to the Ecumenical Temple.
  2560 | D:4      | Reached * piety under Ashenzari
  2843 | D:4      | Gained mutation: A meltable shield of frost defends you.
                  | (SH +0) [demonic ancestry]
  2843 | D:4      | Reached XP level 6. HP: 37/47 MP: 7/7
  3338 | D:4      | Found a radiant altar of Vehumet.
  3589 | D:5      | Entered Level 5 of the Dungeon
  3633 | D:5      | Reached ** piety under Ashenzari
  3689 | D:5      | Identified the +1 leather armour of the Several Ears {rPois
                  | rF++ Dex-5}
  3720 | D:5      | Reached XP level 7. HP: 28/53 MP: 8/8
  3734 | D:5      | Incinerated by a bombardier beetle

Illustrated notes

Levels and vault maps discovered:
D:1:      minmay_arrival_jagged, layout_loops_ring, st_stairs_10
D:2:      layout_loops_cross, serial_shops, nicolae_shop_rolled_up
D:3:      layout_rooms, hellmonk_ecumenical_altar_defaced_shrine,
          minmay_misc_feat_chi, uniq_crazy_yiuf_cottage
D:4:      layout_cave_pods, vehumet_statue, minmay_temple_entry_purple_smoke,
          nicolae_eternal_life, minmay_rat_hole
D:5:      layout_rooms, mainiacjoe_overflow_chevrons,
          gammafunk_temple_overflow_elements, uniq_pikel

Skill      XL: |  1  2  3  4  5  6  7 |
---------------+----------------------+-----
Fighting       | 1 2 3 4 |  4.0
Short Blades   | 1 2 3 4 |  4.6
Dodging        | 2 3 |  3.2
Axes           | |  1.0
Armour         | |  4.5
Shields        | |  1.7
Spellcasting   | |  1.0

Action                     |  1- 3 |  4- 6 |  7- 9 || total
---------------------------+-------+-------+-------++-------
  Melee: Dagger            |   191 |   329 |    13 ||   533
         Hand axe          |     5 |       |       ||     5
         Headbutt          |    29 |    67 |     5 ||   101
 Invoke: Curse Item        |       |     3 |       ||     3
    Use: Scroll            |     4 |       |       ||     4
 Armour: Scale mail        |   109 |   162 |     6 ||   277
  Dodge: Dodged            |    93 |   107 |     4 ||   204
  Block: Buckler           |    33 |    61 |     3 ||    97

Table legend: (Time is in decaauts)
 A = Elapsed time spent in this place.
 B = Non-inter-level travel time spent in this place.
 C = Inter-level travel time spent in this place.
 D = Time resting spent in this place.
 E = Time spent auto-exploring this place.
 F = Levels seen in this place.
 G = Mean time per level.
                   A        B        C        D        E       F      G
               +--------+--------+--------+--------+--------+-----+--------+
         Total |   3683 |   3577 |    106 |    193 |   2370 |   5 |  736.6 |
       Dungeon |   3683 |   3577 |    106 |    193 |   2370 |   5 |  736.6 |
               +--------+--------+--------+--------+--------+-----+--------+

Top non-repeatable levels by time:
     D:4: 1083 daAuts
     D:3: 847 daAuts
     D:1: 812 daAuts
     D:2: 802 daAuts
     D:5: 138 daAuts
